 Dungeon Sprint DCSS version 0.28-a0-1190-g77e1c55843 (webtiles) character file.

Game seed: 6706661130604208123

5761 mhtbhm the Severer (level 10, -1/156 HPs)
             Began as a Minotaur Berserker on Dec 18, 2021.
             Was a High Priest of Trog.
             Slain by Agnes (11 damage)
             ... in the Dungeon (Sprint IV: "Fedhas' Mad Dash").
             The game lasted 00:04:21 (3301 turns).

mhtbhm the Severer (Minotaur Berserker)             Turns: 3301, Time: 00:04:21

Health: -1/156     AC:  7    Str: 26    XL:     10   Next: 49%
Magic:  3/3        EV: 13    Int:  4    God:    Trog [*****.]
Gold:   243        SH:  0    Dex: 10    Spells: 9/9 levels left

rFire   . . .      SeeInvis .   a - +1 broad axe (antimagic)
rCold   . . .      Faith    .   (no shield)
rNeg    . . .      Spirit   .   b - +0 scale mail
rPois   .          Reflect  .   (helmet restricted)
rElec   .          Harm     .   (no cloak)
rCorr   .          Rampage  .   (no gloves)
Will    .....      NoTele   +   (no boots)
Stlth   ..........              k - amulet of invisibility {+Inv}
HPRegen 0.36/turn               (no ring)
MPRegen 0.08/turn               (no ring)

@: berserking, very quick
A: horns 2, retaliatory headbutt
a: Renounce Religion, Evoke Invisibility, Berserk, Trog's Hand, Brothers in Arms


You were in the Dungeon.
You worshipped Trog.
Trog was extremely pleased with you.
You visited 1 branch You collected 243 gold pieces.

Inventory:

Hand Weapons
 a - a +1 antimagic broad axe (weapon)
Missiles
 c - 3 boomerangs (quivered)
Armour
 b - a +0 scale mail (worn)
Jewellery
 k - the amulet of invisibility (around neck) {+Inv}
   (You found it in the Dungeon)

   [amulet of nothing]

   +Inv:      It lets you turn invisible.
Scrolls
 h - a scroll of blinking
 i - a scroll of brand weapon {unknown}
 j - a scroll of immolation {unknown}
 l - a scroll of identify {unknown}
Potions
 d - a potion of heal wounds
 e - a potion of haste
 f - 2 potions of magic
 g - a potion of berserk rage
Miscellaneous
 m - a piece from Xom's chessboard (15/15)
 n - a condenser vane


   Skills:
 + Level 14.8 Fighting
 + Level 15.7 Axes
 + Level 6.1 Armour
 + Level 10.1 Dodging
 + Level 9.8 Stealth
 + Level 10.0 Evocations


You had 9 spell levels left.
You didn't know any spells.
Your spell library was empty.

Dungeon Overview and Level Annotations

Branches:
Dungeon (1/1)

Altars:
Cheibriados
Dithmenos
Elyvilon
Gozag
Hepliaklqana
Kikubaaqudgha
Makhleb
Nemelex Xobeh
Okawaru
Qazlal
Ru
Sif Muna
Trog
Uskayaw
Vehumet
Wu Jian
Xom
Yredelemnul
Zin
The Shining One
Beogh
Jiyva
Lugonu

Shops:
D [!!([*

Annotations:
D Agnes


Innate Abilities, Weirdness & Mutations

You have a pair of horns on your head.
You reflexively headbutt those who attack you in melee.


Message History

You feel a strong urge to attack something.
Agnes hits you with a +4 lajatang of electrocution!
Agnes hits you with a +4 lajatang of electrocution!!
You closely miss Agnes. Your headbutt misses Agnes. Agnes closely misses you.
You furiously retaliate!
You headbutt Agnes! You closely miss Agnes. Your headbutt misses Agnes.
Agnes is lightly wounded.
Agnes hits you with a +4 lajatang of electrocution!!
You slash Agnes!
Agnes is moderately wounded.
You barely miss Agnes. Your headbutt misses Agnes.
Agnes is moderately wounded.
Agnes hits you with a +4 lajatang of electrocution!!
Agnes barely misses you. You furiously retaliate!
You headbutt Agnes. You slash Agnes! Your headbutt misses Agnes.
Agnes is moderately wounded.
Agnes hits you with a +4 lajatang of electrocution!
You are too injured to fight recklessly!
You are too injured to fight recklessly!
You are too injured to fight recklessly!
You are too injured to fight recklessly!
You are too injured to fight recklessly!
You are too injured to fight recklessly!
You are too injured to fight recklessly!
You are too injured to fight recklessly!
You are too injured to fight recklessly!
You are too injured to fight recklessly!
You are too injured to fight recklessly!
You miss Agnes. Your headbutt misses Agnes.
Agnes is moderately wounded.
Agnes hits you with a +4 lajatang of electrocution!!
* * * LOW HITPOINT WARNING * * *
You are electrocuted!
* * * LOW HITPOINT WARNING * * *
You miss Agnes.
Agnes is moderately wounded.
Agnes hits you with a +4 lajatang of electrocution!!
* * * LOW HITPOINT WARNING * * *
You are electrocuted!
You die...

#################################
#.⌠._._._._.⌠.#..)...#....##∩##.#
'.._._._._._..'.)#...#†..['[.##'#
#..._._._._...#..###'##.).##∩#..#
#.._._._._._..#.(##∩∩.'...#####..
#._._._._._.⌠.#################..
###################....(.###)....
#♣♣♣♣♣..♣.###.'.:'.......'.)...♣.
......♣..♣##:.#.@#...)...########
♣..♣♣♣.♣).###.##i##......#
.♣♣..♣.).♣'...#♣.♣######## #
#############... ♣.. .... ♣...
#####


You could see Agnes.

Vanquished Creatures
  A spriggan druid (D)
  6 oklob plants (D)
  A demonic crawler (D)
  3 burning bushes (D)
  A queen bee (D)
  3 hornets (D)
  3 wandering mushrooms (D)
  3 scorpions (D)
  4 killer bees (D)
  5 oklob saplings (D)
  5 spriggans (D)
  A river rat (D)
  A rat (D)
37 creatures vanquished.

Vanquished Creatures (others)
  A ballistomycete spore (D)
  3 fungi (D)
4 creatures vanquished.

Grand Total: 41 creatures vanquished

Notes
Turn   | Place    | Note
-------+----------+-------------------------------------------
     0 | D        | mhtbhm the Minotaur Berserker began the quest for the Orb.
     0 | D        | Reached XP level 1. HP: 19/19 MP: 0/0
     9 | D        | Reached skill level 4 in Axes
     9 | D        | Reached XP level 2. HP: 23/28 MP: 1/1
   236 | D        | Noticed an oklob sapling
   238 | D        | Killed an oklob sapling
   238 | D        | Reached ** piety under Trog
   239 | D        | Reached skill level 5 in Fighting
   239 | D        | Reached skill level 6 in Axes
   239 | D        | Reached XP level 3. HP: 37/37 MP: 2/2
   368 | D        | Noticed a scorpion
   368 | D        | Found the amulet of invisibility {+Inv}
   375 | D        | Killed a scorpion
   376 | D        | Reached skill level 7 in Axes
   376 | D        | Reached XP level 4. HP: 47/47 MP: 3/3
   421 | D        | Found an opulent altar of Gozag.
   421 | D        | Found a hazy altar of Hepliaklqana.
   421 | D        | Found a burning altar of Makhleb.
   421 | D        | Found a sparkling altar of Nemelex Xobeh.
   421 | D        | Found a snail-covered altar of Cheibriados.
   421 | D        | Found a sacrificial altar of Ru.
   421 | D        | Found a shimmering blue altar of Sif Muna.
   421 | D        | Found a shimmering altar of Xom.
   421 | D        | Found a basalt altar of Yredelemnul.
   422 | D        | Found a viscous altar of Jiyva.
   422 | D        | Found a bloodstained altar of Trog.
   422 | D        | Found an ornate altar of the Wu Jian Council.
   423 | D        | Found an iron altar of Okawaru.
   423 | D        | Found a shadowy altar of Dithmenos.
   423 | D        | Found a glowing silver altar of Zin.
   424 | D        | Found an ancient bone altar of Kikubaaqudgha.
   424 | D        | Found a hide-covered altar of Uskayaw.
   425 | D        | Found a stormy altar of Qazlal.
   425 | D        | Found a white marble altar of Elyvilon.
   425 | D        | Found a glowing golden altar of the Shining One.
   426 | D        | Found a corrupted altar of Lugonu.
   426 | D        | Found a radiant altar of Vehumet.
   433 | D        | Reached skill level 8 in Axes
   433 | D        | Reached XP level 5. HP: 53/53 MP: 1/4
   499 | D        | Reached skill level 9 in Axes
   499 | D        | Reached skill level 1 in Evocations
   542 | D        | Reached *** piety under Trog
   545 | D        | Reached skill level 10 in Axes
   545 | D        | Reached skill level 5 in Armour
   546 | D        | Reached XP level 6. HP: 66/66 MP: 5/5
   599 | D        | Found Zuoto's Distillery.
   599 | D        | Found Famun's Antique Armour Emporium.
   644 | D        | Reached skill level 10 in Fighting
   644 | D        | Reached skill level 1 in Stealth
   907 | D        | Noticed a queen bee
   918 | D        | Reached skill level 5 in Dodging
   919 | D        | Reached **** piety under Trog
   920 | D        | Reached skill level 11 in Axes
   926 | D        | Killed a queen bee
   927 | D        | Reached skill level 12 in Axes
   927 | D        | Reached XP level 7. HP: 74/74 MP: 4/6
  1021 | D        | Noticed an oklob plant
  1030 | D        | Killed an oklob plant
  1031 | D        | Reached XP level 8. HP: 83/83 MP: 4/7
  1088 | D        | Noticed a burning bush
  1094 | D        | Killed a burning bush
  1095 | D        | Reached skill level 13 in Axes
  1095 | D        | Reached skill level 5 in Evocations
  1144 | D        | Noticed a burning bush
  1144 | D        | Noticed an oklob plant
  1145 | D        | Noticed a wandering mushroom
  1160 | D        | Killed a burning bush
  1160 | D        | Reached ***** piety under Trog
  1161 | D        | Reached skill level 5 in Stealth
  1171 | D        | Killed a wandering mushroom
  1510 | D        | Killed an oklob plant
  1511 | D        | Reached skill level 14 in Axes
  1511 | D        | Reached XP level 9. HP: 92/92 MP: 6/8
  1565 | D        | Noticed a spriggan druid
  1572 | D        | Killed a spriggan druid
  1572 | D        | Received a gift from Trog
  2088 | D        | Noticed an oklob plant conjurer
  2090 | D        | Killed an oklob plant conjurer
  2268 | D        | Noticed an oklob plant
  2268 | D        | Noticed an oklob plant summoner
  2269 | D        | Noticed an oklob plant shifter
  2277 | D        | Killed an oklob plant
  2284 | D        | Killed an oklob plant summoner
  2284 | D        | Received a gift from Trog
  2285 | D        | Reached XP level 10. HP: 102/102 MP: 7/9
  2288 | D        | Killed an oklob plant shifter
  2289 | D        | Reached skill level 15 in Axes
  2898 | D        | Found Tygguana's Weapon Emporium.
  2898 | D        | Found Nohiel's Distillery.
  3113 | D        | Noticed a spriggan rider
  3114 | D        | Found Illile's Antique Armour Emporium.
  3120 | D        | Reached skill level 10 in Dodging
  3122 | D        | Received a gift from Trog
  3129 | D        | Reached skill level 10 in Evocations
  3135 | D        | Found Atuepic's General Store.
  3290 | D        | Noticed Agnes
  3301 | D        | Slain by Agnes

Illustrated notes

Levels and vault maps discovered:
D:        dungeon_sprint_fedhas [sprint_temple]

Skill      XL: |  1  2  3  4  5  6  7  8  9 10 |
---------------+-------------------------------+-----
Fighting       | 4 5 7 8 9 11 12 13 14 | 14.8
Axes           | 4 6 7 8 10 12 14 15 | 15.7
Armour         | 3 4 5 6 |  6.1
Dodging        | 3 4 6 7 8 9 10 | 10.1
Evocations     | 1 3 4 7 9 10 | 10.0
Stealth        | 3 4 6 8 9 |  9.8

Action                   |  1- 3 |  4- 6 |  7- 9 | 10-12 || total
-------------------------+-------+-------+-------+-------++-------
Melee: Hand axe          |    10 |    27 |    66 |    42 ||   145
       Headbutt          |     3 |     5 |    26 |    14 ||    48
       Broad axe         |       |       |       |     7 ||     7
Invok: Berserk           |     3 |     5 |     8 |     4 ||    20
 Abil: Evoke Invisibilit |       |     4 |     4 |     2 ||    10
  Use: Scroll            |       |       |     1 |       ||     1
       Potion            |       |       |     1 |       ||     1
 Stab: Invisible         |       |     3 |     3 |     3 ||     9
       Sleeping          |       |     1 |     1 |       ||     2
       Distracted        |       |       |     1 |       ||     1
Armor: Animal skin       |     2 |     1 |     2 |     1 ||     6
Dodge: Dodged            |     2 |    16 |    12 |    20 ||    50

Table legend: (Time is in decaauts)
 A = Elapsed time spent in this place.
 B = Non-inter-level travel time spent in this place.
 C = Inter-level travel time spent in this place.
 D = Time resting spent in this place.
 E = Time spent auto-exploring this place.
 F = Levels seen in this place.
 G = Mean time per level.
                   A        B        C        D        E       F      G
               +--------+--------+--------+--------+--------+-----+--------+
         Total |   3438 |   3352 |     86 |   2744 |      3 |   1 | 3438.0 |
       Dungeon |   3438 |   3352 |     86 |   2744 |      3 |   1 | 3438.0 |
               +--------+--------+--------+--------+--------+-----+--------+

Top non-repeatable levels by time:
       D: 3438 daAuts
